 Dungeon Crawl Stone Soup version 0.30-a0-986-g7f2e898f52 (webtiles) character file.

Game seed: 8739863827075211989

4191 DeathPants the Cleaver (level 10, -23/55 HPs)
             Began as a Vine Stalker Gladiator on Apr 1, 2023.
             Was an Initiate of Gozag.
             Annihilated by an orc warlord
             ... wielding a +5 battleaxe
              (28 damage)
             ... in a bailey.
             The game lasted 00:18:45 (5762 turns).

DeathPants the Cleaver (Vine Stalker Gladiator)     Turns: 5762, Time: 00:18:46

Health: -23/55     AC:  9    Str: 22    XL:     10   Next: 29%
Magic:  0/11       EV: 11    Int: 10    God:    Gozag
Gold:   717        SH:  5    Dex: 16    Spells: 9/9 levels left

rFire   x . .      SeeInvis .    b - +10 flail of the Sage {venom, rF- rC++ rN+ Str+3}
rCold   + + .      Faith    .    (no shield)
rNeg    + . .      Spirit   +    l - +0 scale mail
rPois   .          Reflect  +    c - +0 helmet
rElec   .          Rampage  .    (no cloak)
rCorr   +                        p - +1 pair of gloves
Will    +....                    (no boots) Stlth
                                 f - amulet of reflection
HPRegen 1.09/turn                F - ring of resist corrosion
MPRegen 0.12/turn                (no ring)

@: gold aura, hasted, very quick
A: fangs 3, regeneration 1, magic shield, antimagic bite, no potion heal 2
a: Renounce Religion, Potion Petition, Call Merchant, Bribe Branch


You were in a bailey.
You worshipped Gozag.
Gozag was pleased with you.
You visited 2 branches of the dungeon, and saw 9 of its levels.
You also visited: Bailey.

You collected 843 gold pieces.
You paid 126 gold pieces to Gozag.

Inventory:

Hand Weapons
 a - a +0 war axe
 b - the +10 flail of the Sage (weapon) {venom, rF- rC++ rN+ Str+3}
   (You found it on level 3 of the Dungeon)

   Str:       It affects your strength (+3).
   rF:        It makes you vulnerable to fire.
   rC:        It greatly protects you from cold.
   rN:        It protects you from negative energy.
 M - a +0 broad axe
Missiles
 d - 2 throwing nets (quivered)
 e - 3 javelins
 m - 13 poisoned darts
 t - 5 boomerangs
 y - 8 datura-tipped darts
Armour
 c - a +0 helmet (worn)
 l - a +0 scale mail (worn)
 p - a +1 pair of gloves (worn)
 r - a +0 leather armour
Jewellery
 f - an amulet of reflection (around neck)
 F - a ring of resist corrosion (left hand)
 I - a ring of fire
 J - a ring of wizardry
Wands
 i - a wand of acid (9)
 k - a wand of flame (16)
 v - a wand of roots (11)
 E - a wand of polymorph (7)
Scrolls
 g - a scroll of amnesia
 h - a scroll of fear
 j - 3 scrolls of immolation
 q - 5 scrolls of teleportation
 u - a scroll of magic mapping
 w - 2 scrolls of noise
 x - a scroll of vulnerability
 G - a scroll of fog {unknown}
 H - a scroll of butterflies {unknown}
 L - a scroll of acquirement {unknown}
Potions
 n - a potion of invisibility {unknown}
 o - 2 potions of lignification
 s - 5 potions of attraction
 z - a potion of brilliance {unknown}
 A - 2 potions of mutation {unknown}
 B - a potion of flight {unknown}
 C - 2 potions of curing {unknown}
 D - 2 potions of haste
 K - 2 potions of magic {unknown}


   Skills:
 + Level 7.5 Fighting
 * Level 10.8 Axes
 - Level 1.7 Throwing
 + Level 2.4 Armour
 + Level 3.6 Dodging


You had 9 spell levels left.
You didn't know any spells.
Your spell library contained the following spells:

 Spells                   Type           Power      Damage    Failure   Level
 Apportation              Tloc           0%         N/A       69%         1
 Cigotuvi's Dreadful Rot  Necr/Pois/Air  0%         N/A       83%         2
 Poisonous Vapours        Pois/Air       0%         N/A       83%         2
 Mephitic Cloud           Conj/Pois/Air  0%         N/A       96%         3
 Alistair's Intoxication  Tmut/Pois      0%         N/A       100%        5


Dungeon Overview and Level Annotations

Branches:
Dungeon (8/15)             Temple (1/1) D:6          Bailey (1/1)
   Lair: D:8-11

Altars:
Dithmenos
Gozag
Makhleb
Okawaru
Qazlal
Trog
Uskayaw
Vehumet
Xom
Zin
The Shining One

Shops:
D:1 =   D:3 (   D:5 =


Innate Abilities, Weirdness & Mutations

You have razor-sharp teeth.
Your natural rate of healing is unusually fast.
When hurt, damage is shared between your health and your magic reserves.
Your bite disrupts and absorbs the magic of your enemies.
Potions cannot restore your health.


Message History

You hit the orc warrior.
The orc warrior looks as sick as possible!
You bite the orc warrior. You drain its power.
You feel invigorated.
The orc warrior is heavily wounded.
The orc warrior closely misses you.
You hit the orc warrior but do no damage.
The orc warrior looks as sick as possible!
The orc warrior is severely wounded.
You kill the orc!
The orc warrior hits you with a +0 battleaxe!!
The goblin picks up some gold.
Aiming: Corrosive Bolt
Press: ? - help, Shift-Dir - straight line, f - orc warlord
Aim: an orc warlord, wielding a +5 battleaxe and wearing a +0 plate armour (83% to hit)
The bolt of acid hits the orc warlord.
The orc warlord is lightly wounded.
The bolt of acid hits the hobgoblin!
You kill the hobgoblin!
The bolt of acid misses the orc warrior.
The orc warlord hits you with a +5 battleaxe!!
* * * LOW HITPOINT WARNING * * *
You feel yourself speed up.
You kill the orc warrior!
You block the orc warlord's attack.
You hit the orc warlord.
The orc warlord is poisoned.
You bite the orc warlord, but do no damage.
The orc warlord is lightly wounded.
You bludgeon the orc warlord!! You bite the orc warlord. You drain its power.
You feel invigorated.
The orc warlord is moderately wounded.
The orc warlord hits you with a +5 battleaxe!!
* * * LOW HITPOINT WARNING * * *
As you read the scroll of fear, it crumbles to dust.
You assume a fearsome visage.
The orc warrior looks frightened!
The goblin looks frightened!
The orc warlord resists with almost no effort.
The orc warlord hits you with a +5 battleaxe!!
Ouch! That really hurt!
You die...
Your body crumbles into a pile of gold.

#...........#.........
#...........#.........
###.).......###........
###.#)#.....###.###.....#
###.....###.###...
###.### ##!........###
.... ###.. #..........8#
g.... $$#...
#..........8#).....
$$#...
#∩....⌠....@o$o.... $
#... #..........8#......
$$#... #.!........8#
..... $$#...
##.........### .... ###..
###...[.###.###...
###.###
###.#)#.....###.###.....#
###.........###........
#...........#.........
#...........#.........


You could see an orc warlord (poisoned), an orc warrior (strong, fleeing) and a
goblin (fleeing).

Vanquished Creatures
  Grinder (D:3)
  Sigmund (D:2)
  4 yaks (D:6)
  A sky beast (D:6)
  12 orc warriors (Bailey)
  2 ice beasts
  3 ogres
  2 black bears
  2 phantoms
  2 bullfrogs
  A scorpion (D:5)
  5 hounds
  5 orc priests
  Ijyb (D:3)
  2 gnoll boudas (D:5)
  5 iguanas
  3 orc wizards
  Natasha (thrice) (D:3)
  Robin (D:4)
  18 gnolls
  9 adders
  A white imp (D:6)
  An ufetubus (D:5)
  6 dart slugs
  30 orcs
  14 endoplasms
  2 giant cockroaches (D:2)
  18 hobgoblins
  7 kobolds
  5 quokkas
  6 ball pythons
  3 bats
  3 frilled lizards (D:1)
  30 goblins
  3 rats
212 creatures vanquished.

Notes
Turn   | Place    | Note
-------+----------+-------------------------------------------
     0 | D:1      | DeathPants the Vine Stalker Gladiator began the quest for
                  | the Orb.
     0 | D:1      | Reached XP level 1. HP: 11/11 MP: 2/2
    57 | D:1      | Reached skill level 3 in Axes
   210 | D:1      | Reached XP level 2. HP: 10/15 MP: 1/3
   444 | D:1      | Reached XP level 3. HP: 18/18 MP: 4/4
   819 | D:1      | Found Sajouqor's Jewellery Boutique.
  1034 | D:2      | Noticed an ogre
  1047 | D:2      | Killed an ogre
  1048 | D:2      | Reached skill level 4 in Axes
  1048 | D:2      | Gained mutation: Your natural rate of healing is unusually
                  | fast. [Vine Stalker growth]
  1048 | D:2      | Reached XP level 4. HP: 5/24 MP: 1/5
  1048 | D:2      | Reached XP level 5. HP: 5/28 MP: 1/6
  1768 | D:3      | Reached skill level 5 in Axes
  1786 | D:3      | Identified the +10 flail of the Sage {venom, rF- rC++ rN+
                  | Str+3}
  1940 | D:2      | Noticed Sigmund
  1949 | D:2      | Killed Sigmund
  1950 | D:2      | Reached XP level 6. HP: 33/33 MP: 7/7
  2390 | D:3      | Found Cazurgh's Weapon Emporium.
  2412 | D:3      | Noticed Ijyb
  2420 | D:3      | Killed Ijyb
  2551 | D:3      | Noticed Natasha
  2555 | D:3      | Killed Natasha
  2556 | D:3      | Reached skill level 6 in Axes
  2556 | D:3      | Reached XP level 7. HP: 33/37 MP: 8/8
  2575 | D:3      | Noticed Grinder
  2577 | D:3      | Found a radiant altar of Vehumet.
  2591 | D:3      | Killed Grinder
  2638 | D:3      | Noticed Natasha
  2642 | D:3      | Killed Natasha
  2687 | D:4      | Noticed Robin
  2862 | D:4      | Killed Robin
  2946 | D:3      | Noticed Natasha
  2950 | D:3      | Killed Natasha
  3178 | D:4      | Reached skill level 7 in Axes
  3207 | D:4      | Gained mutation: You have razor-sharp teeth. [Vine Stalker
                  | growth]
  3207 | D:4      | Reached XP level 8. HP: 33/42 MP: 9/9
  3226 | D:4      | Reached skill level 5 in Fighting
  3401 | D:5      | Entered Level 5 of the Dungeon
  3940 | D:5      | Reached skill level 8 in Axes
  4102 | D:5      | Found Vonwauddye's Jewellery Shoppe.
  4236 | D:5      | Reached XP level 9. HP: 48/48 MP: 10/10
  4309 | D:5      | Reached skill level 9 in Axes
  4448 | D:6      | Found a staircase to the Ecumenical Temple.
  4469 | Temple   | Entered the Ecumenical Temple
  4522 | Temple   | Became a worshipper of Gozag Ym Sagoz the Greedy
  4736 | D:6      | Reached skill level 10 in Axes
  4968 | D:6      | Reached skill level 1 in Armour
  5415 | D:8      | Found a flagged portal.
  5463 | Bailey   | Entered a bailey
  5576 | Bailey   | Reached XP level 10. HP: 55/55 MP: 11/11
  5749 | Bailey   | Noticed an orc warlord
  5762 | Bailey   | Annihilated by an orc warlord

Illustrated notes

Levels and vault maps discovered:
D:1:      ncdulo_lavacross, layout_basic, serial_shops, nicolae_shop_waterfront
D:2:      layout_basic, hex_tiny, uniq_sigmund
D:3:      layout_loops_ring, vehumet_crystals, serial_shops,
          nicolae_shop_bloodbath_and_beyond, uniq_natasha, uniq_grinder,
          uniq_ijyb
D:4:      layout_rooms, minmay_crossroads, uniq_robin
D:5:      layout_gridville, serial_shops,
          nicolae_shop_competitors_out_of_business
D:6:      layout_gridville, minmay_temple_entry_offerings
D:7:      lemuel_bear_cage, layout_basic, nicolae_overflow_hidden_temple,
          uniq_pikel
D:8:      layout_basic, enter_bailey_5, uniq_amaemon
Temple:   eino_wide_crystal_templ
Bailey:   bailey_axe_minmay_hex_keep, bailey

Skill      XL: |  1  2  3  4  5  6  7  8  9 10 |
---------------+-------------------------------+-----
Axes           | 3 4 5 6 7 8 10 | 10.8
Fighting       | 2 3 4 6 7 |  7.5
Armour         | 1 2 |  2.4
Dodging        | 3 |  3.6
Throwing       | |  1.7

Action                     |  1- 3 |  4- 6 |  7- 9 | 10-12 || total
---------------------------+-------+-------+-------+-------++-------
  Melee: War axe           |    71 |    53 |       |       ||   124
         Bite              |    19 |    16 |    59 |    13 ||   107
         Punch             |     1 |       |     1 |       ||     2
         Flail             |       |    23 |   252 |    52 ||   327
  Throw: Throwing net      |     1 |       |       |       ||     1
  Evoke: Wand              |       |       |       |     1 ||     1
    Use: Scroll            |       |     5 |    11 |     1 ||    17
         Potion            |       |       |     1 |     1 ||     2
   Stab: Held in net/web   |     1 |       |       |       ||     1
         Distracted        |       |       |     1 |       ||     1
 Armour: Leather armour    |    17 |       |       |       ||    17
         Scale mail        |     2 |    26 |   111 |     3 ||   142
  Dodge: Dodged            |    37 |    51 |   160 |    13 ||   261
  Block: Other             |     6 |    14 |    61 |    10 ||    91
         Reflection        |     1 |       |     7 |       ||     8

Table legend: (Time is in decaauts)
 A = Elapsed time spent in this place.
 B = Non-inter-level travel time spent in this place.
 C = Inter-level travel time spent in this place.
 D = Time resting spent in this place.
 E = Time spent auto-exploring this place.
 F = Levels seen in this place.
 G = Mean time per level.
                   A        B        C        D        E       F      G
               +--------+--------+--------+--------+--------+-----+--------+
         Total |   5832 |   5594 |    238 |    361 |   3383 |  10 |  583.2 |
       Dungeon |   5450 |   5235 |    215 |    361 |   3200 |   8 |  681.2 |
        Temple |     77 |     54 |     23 |      0 |     40 |   1 |   77.0 |
        Bailey |    304 |    304 |      0 |      0 |    143 |   1 |  304.0 |
               +--------+--------+--------+--------+--------+-----+--------+

Top non-repeatable levels by time:
     D:2: 1373 daAuts
     D:1: 992 daAuts
     D:3: 799 daAuts
     D:6: 779 daAuts
     D:5: 719 daAuts
     D:4: 576 daAuts
  Bailey: 304 daAuts
     D:8: 112 daAuts
     D:7: 97 daAuts
  Temple: 77 daAuts
